 Dungeon Crawl Stone Soup version 0.25-a0-96-g4073cf80fb (webtiles) character file.

Game seed: 13211674442973874419, levelgen mode: deterministic

3749 MisterFreud the Nimble (level 9, 0/40 HPs)
             Began as a Felid Transmuter on Nov 11, 2019.
             Was a Priest of Ru.
             Engulfed by a steam dragon's steam (11 damage)
             ... on level 11 of the Dungeon.
             The game lasted 00:37:34 (15108 turns).

MisterFreud the Nimble (Felid Transmuter)          Turns: 15108, Time: 00:37:34

Health: 0/40       AC:  2    Str:  6    XL:     9   Next: 93%
Magic:  15/19      EV: 29    Int: 18    God:    Ru [***...]
Gold:   602        SH:  4    Dex: 20    Spells: 7/20 levels left
                                        Lives:  0   Deaths: 2

rFire    x . .     SeeInvis +     - Unarmed
rCold    x . .     Gourm    .   (shield unavailable)
rNeg     . . .     Faith    .   (armour unavailable)
rPois    .         Spirit   .   (helmet unavailable)
rElec    .         Reflect  +   (cloak unavailable)
rCorr    .         Harm     .   (gloves unavailable)
MR       +....                  (boots unavailable)
Stlth    ++++......             d - +4 amulet of reflection
HPRegen  0.13/turn              t - +3 ring of dexterity
MPRegen  0.16/turn              (no ring)

@: blade paws, quick
A: very small, no armour, no weapons or thrown items, stealth, claws 1, fangs 3,
see invisible, carnivore, speed 1, shaggy fur 2, slow metabolism 1, missing an
eye, temperature sensitive
a: End Transformation, Draw Out Power, Renounce Religion


You were on level 11 of the Dungeon.
You worshipped Ru.
Ru was most pleased with you.
You were very full.
You had blades for front paws.
You visited 1 branch of the dungeon, and saw 11 of its levels.

You collected 602 gold pieces.

Inventory:

Missiles
 a - 193 arrows
Jewellery
 d - a +4 amulet of reflection (around neck)
 f - an uncursed ring of ice
 l - an uncursed amulet of the acrobat
 t - a +3 ring of dexterity (left scythe-like blade)
Wands
 h - a wand of enslavement (18)
 o - a wand of polymorph (4)
Scrolls
 e - 4 scrolls of teleportation
 i - a scroll of blinking
 r - 4 scrolls of amnesia
 s - 3 scrolls of magic mapping
 u - 5 scrolls of fear
Potions
 b - a potion of agility
 g - 2 potions of haste
 j - 3 potions of might
 k - a potion of brilliance
 m - 2 potions of lignification
 n - 3 potions of cancellation
 p - 2 potions of magic
 q - a potion of invisibility
 v - 3 potions of heal wounds
 z - a potion of curing {unknown}
Miscellaneous
 w - a lightning rod (4/4)
Comestibles
 c - 22 rations


   Skills:
 - Level 5.0 Fighting
 - Level 12.0 Dodging
 + Level 9.6 Stealth
 - Level 6.0 Unarmed Combat
 - Level 6.0 Spellcasting
 - Level 4.1 Translocations
 - Level 10.1 Transmutations


You had 7 spell levels left.
You knew the following spells:

 Your Spells              Type           Power        Failure   Level  Hunger
a - Beastly Appendage     Tmut           #####.       9%          1    None
b - Sticks to Snakes      Tmut           #####...     10%         2    None
c - Spider Form           Tmut/Pois      ###.......   32%         3    ##.....
d - Blade Hands           Tmut           #####.....   34%         5    #####..
e - Blink                 Tloc           N/A          26%         2    None

Your spell library contained the following spells:

 Spells                   Type           Power        Failure   Level  Hunger
 Passwall                 Tmut/Erth      ###.....     22%         2    None
 Magic Dart               Conj           #...         50%         1    None
 Sandblast                Erth           #.....       50%         1    None
 Ice Form                 Ice/Tmut       ###.....     56%         4    ####...
 Petrify                  Tmut/Erth      ###.....     56%         4    ####...
 Call Imp                 Summ           #.......     61%         2    None
 Searing Ray              Conj           #.....       61%         2    None
 Slow                     Hex            #.......     61%         2    None
 Conjure Flame            Conj/Fire      #.......     77%         3    ##.....
 Dazzling Spray           Conj/Hex       #.....       77%         3    ##.....
 Mephitic Cloud           Conj/Pois/Air  #.......     77%         3    ##.....
 Stone Arrow              Conj/Erth      #.....       77%         3    ##.....
 Force Lance              Conj/Tloc      ##......     85%         4    ####...
 Fulminant Prism          Conj/Hex       #.........   97%         4    ####...
 Iskenderun's Mystic Bla  Conj           #.......     97%         4    ####...
 Lee's Rapid Deconstruct  Erth           #.........   100%        5    #####..


Dungeon Overview and Level Annotations

Branches:
Dungeon (11/15)            Temple (0/1) D:7            Lair (0/6) D:10
    Orc: D:9-12

Altars:
Hepliaklqana
Kikubaaqudgha
Makhleb
Nemelex Xobeh
Okawaru
Ru
Uskayaw
Zin

Shops:
D:6 %

Annotations:
D:7 exclusion: door


Innate Abilities, Weirdness & Mutations

You cannot wear armour.
You are incapable of wielding weapons or throwing items.
Your paws allow you to move quietly. (Stealth)
You have sharp claws.
You have razor-sharp teeth.
You have supernaturally acute eyesight. (SInv)
You are carnivorous and can eat meat at any time.
You cover ground quickly.
You are covered in thick fur. (AC +2)
You have a slow metabolism.
((Your sharp claws are effective at attacking unaware monsters.))
You are missing an eye, making it more difficult to aim.
You are sensitive to extremes of temperature. (rF-, rC-)


Message History

Confirm with . or Enter, or press ? or * to list all spells.
Your front paws turn into razor-sharp scythe blades.
The steam dragon breathes steam at you. The ball of steam hits you!
The steam scalds you terribly!
An orc comes into view.
The orc shouts!
You hear a shout!
You are engulfed in a cloud of scalding steam.
The steam dragon completely misses you. The steam dragon misses you.
You are too injured to fight recklessly!
You are too injured to fight recklessly!
You hit the steam dragon.
You bite the steam dragon, but do no damage.
The steam dragon is moderately wounded.
You are engulfed in a cloud of scalding steam.
* * * LOW HITPOINT WARNING * * *
The steam dragon completely misses you. x2
You barely miss the steam dragon.
The steam dragon is moderately wounded.
You are engulfed in a cloud of scalding steam.
You die...

...........................#
..####.....................#
..# #............######...#
..# #...#######..# #...# ..#
#...# #..######...# ..#
#...# #.§.........# ..#
#...# #.§.........# ...
.......# #...........# ≈≈≈
≈≈≈≈.####@..........#
≈≈≈....D...######..#
#≈≈........# #..#
#≈≈........# #..#
#≈≈.......o# #..#
#≈;.####...######..# #≈≈.##
#...........#
#≈≈..###...........#
##≈H........#####...#


You could see a steam dragon, an electric eel and an orc.

Vanquished Creatures
  2 two-headed ogres
  Pikel (D:5)
  A manticore (D:11)
  2 tyrant leeches (D:10)
  Grinder (D:5)
  A hippogriff (D:9)
  A spriggan (D:8)
  4 yaks (D:10)
  A water elemental (D:11)
  2 vampires (D:10)
  A wyvern (D:8)
  A hungry ghost (D:9)
  3 vampire mosquitoes (D:10)
  2 sky beasts (D:5)
  6 orc warriors
  4 slaves (D:5)
  A black bear (D:6)
  An ogre (D:9)
  A necrophage (D:11)
  A phantom (D:7)
  4 centaurs
  A crocodile (D:9)
  A big kobold (D:9)
  A gnoll sergeant (D:11)
  4 bullfrogs
  5 scorpions
  A water moccasin skeleton (D:4)
  5 killer bees (D:7)
  8 wights
  7 howler monkeys
  4 crimson imps
  3 centaur zombies
  6 orc priests
  2 hounds
  A jelly (D:7)
  9 orc wizards
  3 bullfrog skeletons
  Jessica (D:2)
  A centaur skeleton (D:8)
  3 iguanas
  9 worker ants
  2 hound zombies
  A hound skeleton (D:4)
  9 gnolls
  7 adders
  A howler monkey skeleton (D:6)
  2 shadow imps
  A white imp (D:6)
  5 oozes
  An adder skeleton (D:4)
  2 worms
  2 dart slugs
  5 leopard geckos
  32 orcs
  2 ball pythons
  12 bats
  4 giant cockroaches
  10 hobgoblins
  A jackal (D:9)
  4 quokkas
  A ball python skeleton (D:6)
  A ball python zombie (D:5)
  5 frilled lizards
  7 goblins
  A jackal zombie (D:5)
  12 kobolds
  8 rats (D:2)
254 creatures vanquished.

Vanquished Creatures (collateral kills)
  An adder (D:2)
1 creature vanquished.

Vanquished Creatures (others)
  A centaur zombie (D:10)
  A vampire mosquito (D:10)
  An electric eel (D:11)
  An orc (D:8)
4 creatures vanquished.

Grand Total: 259 creatures vanquished

Notes
Turn   | Place    | Note
-------+----------+-------------------------------------------
     0 | D:1      | MisterFreud the Felid Transmuter began the quest for the
                  | Orb.
     0 | D:1      | Reached XP level 1. HP: 9/9 MP: 4/4
    79 | D:1      | Reached XP level 2. HP: 10/12 MP: 4/6
    83 | D:1      | Learned a level 2 spell: Sticks to Snakes
   577 | D:1      | Reached XP level 3. HP: 15/15 MP: 5/7
  1050 | D:2      | Learned a level 3 spell: Spider Form
  1065 | D:2      | Noticed Jessica
  1456 | D:2      | Found a sparkling altar of Nemelex Xobeh.
  1457 | D:2      | Found a sacrificial altar of Ru.
  1458 | D:2      | Found a hide-covered altar of Uskayaw.
  1465 | D:2      | Found a burning altar of Makhleb.
  1465 | D:2      | Found a glowing silver altar of Zin.
  1466 | D:2      | Found a hazy altar of Hepliaklqana.
  1466 | D:2      | Found an ancient bone altar of Kikubaaqudgha.
  1466 | D:2      | Found an iron altar of Okawaru.
  1471 | D:2      | Became a worshipper of Ru the Awakened
  1549 | D:2      | Killed Jessica
  1549 | D:2      | Reached XP level 4. HP: 19/19 MP: 6/9
  1994 | D:2      | Reached skill level 5 in Transmutations
  2262 | D:2      | Reached XP level 5. HP: 19/22 MP: 7/10
  2903 | D:3      | Found a faded altar of an unknown god.
  4070 | D:4      | Reached skill level 5 in Unarmed Combat
  4070 | D:4      | Gained mutation: You are covered in thick fur. (AC +2)
                  | [Felid growth]
  4070 | D:4      | Reached XP level 6. HP: 25/25 MP: 11/11
  4077 | D:4      | Learned a level 5 spell: Blade Hands
  4133 | D:4      | Reached skill level 3 in Dodging
  4385 | D:4      | Reached skill level 4 in Dodging
  4656 | D:4      | Reached XP level 7. HP: 22/29 MP: 8/12
  5376 | D:5      | Entered Level 5 of the Dungeon
  5610 | D:5      | Noticed Pikel
  5635 | D:5      | Killed Pikel
  5635 | D:5      | Reached skill level 6 in Dodging
  5828 | D:5      | Reached XP level 8. HP: 4/34 MP: 12/14
  6532 | D:5      | Noticed Grinder
  6570 | D:5      | Killed Grinder
  6570 | D:5      | Reached skill level 7 in Dodging
  7054 | D:6      | Found the -2 hat of the Alchemist {rElec rPois rF+ rC+ rN+
                  | MR+ rMut rCorr}
  7098 | D:6      | Reached skill level 8 in Dodging
  7236 | D:6      | Reached XP level 9. HP: 39/39 MP: 12/16
  7256 | D:6      | Found Ughusch's Food Shop.
  8667 | D:7      | Found a staircase to the Ecumenical Temple.
  8746 | D:7      | Reached skill level 9 in Dodging
  9028 | D:7      | Reached skill level 5 in Spellcasting
  9610 | D:7      | Reached skill level 5 in Fighting
  9741 | D:8      | Gained mutation: You are sensitive to extremes of
                  | temperature. (rF-, rC-) [Ru sacrifice]
  9741 | D:8      | Reached * piety under Ru
  9741 | D:8      | Reached ** piety under Ru
  9877 | D:8      | Reached skill level 10 in Dodging
 10711 | D:9      | Noticed a seven-headed hydra
 10856 | D:9      | Learned a level 2 spell: Blink
 10895 | D:9      | Reached skill level 1 in Translocations
 10910 | D:9      | Reached XP level 10. HP: 32/44 MP: 18/20
 11283 | D:9      | Identified the +1 leather armour "Iqokos" {rCorr Int+3}
 12071 | D:10     | Entered Level 10 of the Dungeon
 12172 | D:10     | Noticed a two-headed ogre
 12635 | D:10     | Found a sacrificial altar of Ru.
 12849 | D:10     | Reached skill level 10 in Transmutations
 12860 | D:10     | Killed from afar by a vampire
 12861 | D:10     | Reached XP level 9. HP: 0/40 MP: 16/19
 12881 | D:10     | Reached skill level 1 in Stealth
 12920 | D:10     | Noticed a tyrant leech
 12921 | D:10     | Found the +12 Vampire's Tooth {vamp}
 13399 | D:10     | Found a staircase to the Lair.
 13438 | D:10     | Killed a two-headed ogre
 13438 | D:10     | Reached skill level 11 in Dodging
 13438 | D:10     | Reached skill level 5 in Stealth
 13439 | D:10     | Gained mutation: You are missing an eye, making it more
                  | difficult to aim. [Ru sacrifice]
 13439 | D:10     | Reached *** piety under Ru
 13497 | D:10     | Reached XP level 10. HP: 40/44 MP: 15/20
 14261 | D:11     | Reached skill level 12 in Dodging
 14283 | D:11     | Noticed a two-headed ogre
 14403 | D:11     | Killed a two-headed ogre
 14442 | D:10     | Slain by an orc warrior
 14443 | D:10     | Reached XP level 9. HP: -2/40 MP: 15/19
 14780 | D:11     | Noticed a manticore
 14785 | D:11     | Noticed a two-headed ogre
 14841 | D:11     | Killed a manticore
 15108 | D:11     | Engulfed by a steam dragon's steam

Levels and vault maps discovered:
D:1:      dpeg_arrival_ternary, layout_rooms, minmay_misc_feat_cross
D:2:      layout_basic, grunt_temple_overflow_open, minmay_joined_circles,
          uniq_jessica
D:3:      cheibrodos_helix_gallery, layout_rooms,
          chequers_ecumenical_altar_twisty, first_ration,
          hangedman_decor_growths
D:4:      layout_layer_cave
D:5:      layout_basic, uniq_pikel, uniq_grinder
D:6:      layout_loops_ring, serial_shops, kennysheep_little_box,
          minmay_fire_ice_demons
D:7:      wad_river_or_something, layout_basic, minmay_temple_entry_wispy
D:8:      layout_basic, the_bakery
D:9:      layout_loops_ring, minmay_fractal_squares_5
D:10:     layout_roguey, lair_entry_dummy, basic_altar,
          minmay_guarded_unrand_vampires_tooth
D:11:     layout_small_grid, erik_orc_2

Skill      XL: |  1  2  3  4  5  6  7  8  9 10 |
---------------+-------------------------------+-----
Transmutations | 3 4 5 6 8 10 | 10.1
Spellcasting   | 3 4 6 |  6.0
Unarmed Combat | 5 6 |  6.0
Dodging        | 4 6 8 11 12 | 12.0
Fighting       | 3 4 5 |  5.0
Translocations | 1 4 |  4.1
Stealth        | 9 8 |  9.6

Action                   |  1- 3 |  4- 6 |  7- 9 | 10-12 || total
-------------------------+-------+-------+-------+-------++-------
Melee: Unarmed           |   106 |   201 |   610 |   262 ||  1179
       Headbutt          |     8 |     1 |       |       ||     9
       Bite              |     9 |     2 |    26 |    21 ||    58
       Punch             |       |     1 |     4 |     7 ||    12
 Cast: Beastly Appendage |    18 |     2 |       |       ||    20
       Spider Form       |     2 |    20 |    40 |    11 ||    73
       Sticks to Snakes  |     1 |     1 |       |       ||     2
       Blade Hands       |       |       |    12 |    13 ||    25
Invok: Reject Sacrifices |       |     1 |       |       ||     1
       Sacrifice an Eye  |       |       |     1 |       ||     1
       Sacrifice Resista |       |       |     1 |       ||     1
 Abil: End Transformatio |       |       |       |     1 ||     1
Evoke: Wand              |       |       |     2 |     3 ||     5
  Use: Scroll            |       |     8 |     7 |     7 ||    22
       Potion            |       |       |     5 |       ||     5
 Stab: Sleeping          |     3 |     3 |     4 |       ||    10
       Invisible         |       |       |     2 |       ||     2
       Distracted        |       |       |     1 |       ||     1
  Eat: Chunk             |     9 |     9 |    27 |    20 ||    65
Armor: Skin              |    16 |    12 |    10 |     3 ||    41
Dodge: Dodged            |   130 |   193 |   452 |   190 ||   965
Block: Other             |       |       |    77 |    37 ||   114
       Reflection        |       |       |     3 |       ||     3

Table legend:
 A = Non-vault XP
 B = Vault XP
 C = Vault XP percentage of total XP
 D = Non-vault monster count
 E = Vault monster count
 F = Vault count percentage of total count
                 A         B        C        D         E       F
            +---------+---------+-------+---------+---------+-------
      Total |   10218 |    3262 |  24.2 |     220 |      32 |  12.7
            +---------+---------+-------+---------+---------+-------
        D:1 |      59 |       0 |   0.0 |      24 |       0 |   0.0
        D:2 |     131 |      59 |  31.1 |      31 |       8 |  20.5
        D:3 |     124 |       3 |   2.4 |      18 |       2 |  10.0
        D:4 |     392 |       0 |   0.0 |      18 |       0 |   0.0
        D:5 |     442 |     927 |  67.7 |      10 |       2 |  16.7
        D:6 |     719 |      56 |   7.2 |      18 |       2 |  10.0
        D:7 |     779 |     381 |  32.8 |      18 |       7 |  28.0
        D:8 |     826 |     220 |  21.0 |      16 |       1 |   5.9
        D:9 |    1531 |      91 |   5.6 |      28 |       3 |   9.7
       D:10 |    2850 |    1525 |  34.9 |      23 |       7 |  23.3
       D:11 |    2365 |       0 |   0.0 |      16 |       0 |   0.0
            +---------+---------+-------+---------+---------+-------
